 Dungeon Crawl Stone Soup version 0.23.1 (webtiles) character file.

Game seed: 0

13 MisterOstroum the Firebug (level 2, 0/20 HPs)
             Began as a Draconian Fire Elementalist on Mar 18, 2019.
             Succumbed to an adder's poison
             ... on level 1 of the Dungeon on Mar 19, 2019.
             The game lasted 00:14:08 (630 turns).

MisterOstroum the Firebug (DrFE)                     Turns: 630, Time: 00:14:08

Health: 0/20       AC:  4    Str: 10    XL:     2   Next: 24%
Magic:  2/5        EV: 12    Int: 15    God:
Gold:   33         SH:  0    Dex: 11    Spells: 2/5 levels left

rFire    . . .     SeeInvis .   e - +0 club
rCold    . . .     Gourm    .   (no shield)
rNeg     . . .     Faith    .   (armour unavailable)
rPois    .         Spirit   .   (helmet restricted)
rElec    .         Reflect  .   (no cloak)
rCorr    .         Harm     .   (no gloves)
MR       .....                  (no boots)
Stlth    ++........             (no amulet)
HPRegen  0.06/turn              (no ring)
MPRegen  0.09/turn              (no ring)

@: lethally poisoned (0 -> -8)
A: unfitting armour, cold-blooded, AC +4
a: no special abilities


You were on level 1 of the Dungeon.
You were not hungry.

You visited 1 branch of the dungeon, and saw 2 of its levels.

You collected 33 gold pieces.

Inventory:

Hand Weapons
 e - a +0 club (weapon)
Missiles
 c - 2 throwing nets (quivered)
 f - 13 poisoned needles
Armour
 l - a +0 pair of gloves
Scrolls
 a - 2 scrolls of teleportation {unknown}
 d - 2 scrolls of identify {unknown}
 g - a scroll of remove curse {unknown}
 h - a scroll of random uselessness {unknown}
 j - a scroll of enchant armour {unknown}
Potions
 i - 2 potions of brilliance {unknown}
 k - a potion of mutation {unknown}
Comestibles
 b - 4 rations


   Skills:
 - Level 1.7 Dodging
 - Level 1.7 Stealth
 + Level 2.3 Spellcasting
 * Level 1.1 Conjurations
 * Level 3.3 Fire Magic


You had 2 spell levels left.
You knew the following spells:

 Your Spells              Type           Power        Failure   Level  Hunger
a - Flame Tongue          Conj/Fire      #....        9%          1    #......
b - Throw Flame           Conj/Fire      #.....       13%         2    ###....

Your spell library contained the following spells:

 Spells                   Type           Power        Failure   Level  Hunger
 Conjure Flame            Conj/Fire      #.......     26%         3    ###....
 Inner Flame              Hex/Fire       #.......     32%         3    ###....
 Sticky Flame             Conj/Fire      #.......     63%         4    #####..
 Fireball                 Conj/Fire      #.........   93%         5    ######.


Dungeon Overview and Level Annotations

Branches:
Dungeon (2/15)

Altars:
Trog


Innate Abilities, Weirdness & Mutations

Your plain brown scales are hard. (AC +4)
You cannot fit into any form of body armour.
You are cold-blooded and may be slowed by cold attacks.


Message History

An adder is nearby!
The adder bites you.
You are poisoned.
The adder poisons you!
You feel sick. The adder barely misses you. The adder closely misses you.
You feel sick. The adder barely misses you.
The adder bites you but does no damage. The adder barely misses you.
The adder bites you.
* * * LOW HITPOINT WARNING * * *
You are lethally poisoned!
The adder poisons you!
* * * LOW HITPOINT WARNING * * *
You feel sick. The adder misses you.
* * * LOW HITPOINT WARNING * * *
You feel sick. The adder barely misses you.
* * * LOW HITPOINT WARNING * * *
You feel sick. The adder barely misses you.
The adder bites you but does no damage. The adder bites you.
* * * LOW HITPOINT WARNING * * *
You die...

##..............
###....#....###..
#......#.#### ###
#.........###
#.....#>....####
#.....##.......#
#..#..####.###.## ##..#..##
#..##... ##@..##..####.##...
#.S................
#.#................
#.#................
#.#................
#(#...........#....
##.#..............†.
##########..#..........##....
#..........####......####...#


You could see an adder.

Vanquished Creatures
  A leopard gecko (D:1)
  A giant cockroach (D:1)
  A goblin (D:1)
  A hobgoblin (D:1)
  A quokka (D:2)
  A bat (D:1)
  A frilled lizard (D:2)
  2 kobolds (D:1)
  4 rats
13 creatures vanquished.

Notes
Turn   | Place    | Note
-------+----------+-------------------------------------------
     0 | D:1      | MisterOstroum the Draconian Fire Elementalist began the
                  | quest for the Orb.
     0 | D:1      | Reached XP level 1. HP: 14/14 MP: 3/3
   224 | D:1      | Reached XP level 2. HP: 20/20 MP: 3/5
   238 | D:1      | Learned a level 2 spell: Throw Flame
   399 | D:2      | Found a bloodstained altar of Trog.
   629 | D:1      | HP: 1/20 [adder (2)]
   630 | D:1      | Succumbed to an adder's poison

Action                   || total
-------------------------++-------
Melee: Unarmed           ||     4
       Club              ||     1
 Cast: Flame Tongue      ||    12
       Throw Flame       ||     9
 Stab: Sleeping          ||     1
Armor: Skin              ||     7
Dodge: Dodged            ||    17
